 Dungeon Crawl Stone Soup version 0.26-a0-652-gafc20e3620 (webtiles) character file.

Game seed: 14989886244769884952

5570 Decritt the Fighter (level 10, -12/90 HPs)
             Began as a Minotaur Fighter on Oct 2, 2020.
             Was a Believer of the Shining One.
             Mangled by a stone giant (26 damage)
             ... on level 9 of the Dungeon.
             The game lasted 01:10:01 (10153 turns).

Decritt the Fighter (Minotaur Fighter)             Turns: 10153, Time: 01:10:01

Health: -12/90     AC: 28    Str: 26    XL:     10   Next: 44%
Magic:  13/13      EV:  8    Int:  6    God:    the Shining One [**....]
Gold:   5          SH: 17    Dex: 16    Spells: 9/9 levels left

rFire    . . .     SeeInvis .   C - +3 trident (protect)
rCold    . . .     Faith    .   c - +0 kite shield
rNeg     + . .     Spirit   .   a - +4 chain mail {MR+}
rPois    +         Reflect  +   (helmet restricted)
rElec    .         Harm     .   n - +1 cloak
rCorr    .         Rampage  .   G - +2 pair of gloves {Str+3}
MR       +....                  (no boots)
Stlth    ..........             o - amulet of reflection
HPRegen  0.25/turn              J - +6 ring of dexterity
MPRegen  0.13/turn              t - ring of poison resistance

@: marked, protection aura, glowing
A: retaliatory headbutt, horns 2
a: Divine Shield, Renounce Religion


You were on level 9 of the Dungeon.
You worshipped the Shining One.
The Shining One was pleased with you.
You visited 3 branches of the dungeon, and saw 11 of its levels.
You also visited: Sewer.

You collected 796 gold pieces.
You spent 791 gold pieces at shops.

Inventory:

Hand Weapons
 C - a +3 trident of protection (weapon)
Missiles
 h - 10 boomerangs (quivered)
Armour
 a - a +4 chain mail of magic resistance (worn)
 c - a +0 kite shield (worn)
 n - a +1 cloak (worn)
 F - a +2 chain mail of fire resistance
 G - a +2 pair of gloves of strength (worn)
Jewellery
 o - an amulet of reflection (around neck)
 r - an uncursed ring of magical power
 t - a ring of poison resistance (right hand)
 y - an uncursed ring of protection from magic
 J - a +6 ring of dexterity (left hand)
Wands
 v - a wand of disintegration (27)
 D - a wand of flame (34)
Scrolls
 b - 2 scrolls of teleportation
 d - a scroll of random uselessness {unknown}
 i - 6 scrolls of remove curse
 j - 2 scrolls of magic mapping
 k - a scroll of fear
 m - 2 scrolls of enchant weapon
 p - 3 scrolls of fog
 q - 3 scrolls of blinking
 B - a scroll of vulnerability {unknown}
 H - 2 scrolls of identify
 I - a scroll of noise {unknown}
 L - a scroll of holy word {unknown}
Potions
 e - 2 potions of might
 f - a potion of degeneration {unknown}
 l - 3 potions of flight
 s - a potion of haste {unknown}
 u - 2 potions of cancellation
 w - a potion of magic {unknown}
 x - a potion of mutation {unknown}
 A - 2 potions of lignification
 E - a potion of stabbing {unknown}


   Skills:
 + Level 8.9 Fighting
   Level 1.3 Long Blades
 + Level 8.4 Polearms
 - Level 3.3 Throwing
 + Level 8.9 Armour
 - Level 1.0 Dodging
 + Level 8.7 Shields
 + Level 5.4 Invocations
 + Level 3.4 Evocations


You had 9 spell levels left.
You didn't know any spells.
Your spell library contained the following spells:

 Spells                   Type           Power        Failure   Level
 Corona                   Hex            #......      99%         1
 Foxfire                  Conj/Fire      #...         99%         1
 Shock                    Conj/Air       #...         99%         1
 Call Imp                 Summ           #.......     100%        2
 Ensorcelled Hibernation  Hex/Ice        #.....       100%        2
 Call Canine Familiar     Summ           #.......     100%        3
 Confusing Touch          Hex            #.......     100%        3
 Conjure Flame            Conj/Fire      #.......     100%        3
 Dazzling Flash           Conj/Hex       #.....       100%        3
 Gell's Gravitas          Tloc           #.........   100%        3
 Inner Flame              Hex/Fire       #.......     100%        3
 Tukima's Dance           Hex            #.......     100%        3
 Airstrike                Air            #.........   100%        4
 Petrify                  Tmut/Erth      #.......     100%        4
 Sticky Flame             Conj/Fire      #.......     100%        4
 Summon Lightning Spire   Summ/Air       #.......     100%        4
 Fireball                 Conj/Fire      #.........   100%        5
 Metabolic Englaciation   Hex/Ice        #.........   100%        5
 Yara's Violent Unravell  Hex/Tmut       #.........   100%        5
 Shadow Creatures         Summ           N/A          100%        6


Dungeon Overview and Level Annotations

Branches:
Dungeon (9/15)             Temple (1/1) D:4            Lair (0/6) D:8
    Orc (1/2) D:9           Sewer (visited)

Altars:
Ashenzari
Cheibriados
Dithmenos
Elyvilon
Fedhas
Gozag
Hepliaklqana
Kikubaaqudgha
Makhleb
Nemelex Xobeh
Okawaru
Qazlal
Ru
Sif Muna
Trog
Uskayaw
Vehumet
Wu Jian
Xom
Yredelemnul
Zin
The Shining One
Beogh

Shops:
D:7 [   D:9 [   Orc:1 [

Annotations:
D:4 exclusion: statue


Innate Abilities, Weirdness & Mutations

You reflexively headbutt those who attack you in melee.
You have a pair of horns on your head.


Message History

The scroll dissolves into smoke.
You block the stone giant's attack. You block the orc's attack.
Okay, then.
You feel better.
The stone giant hits you but does no damage.
You block the orc's attack.
You hit the orc but do no damage.
Your weapon exudes an aura of protection.
The orc is moderately wounded.
You block the stone giant's attack.
You hit the orc.
You kill the orc!
The stone giant hits you.
You hit the stone giant but do no damage.
The stone giant is lightly wounded.
Your divine shield fades away.
The stone giant hits you!!
* * * LOW HITPOINT WARNING * * *
You feel better. The stone giant hits you!!
You die...

############################
...........................#
###..............))........#
#......####....[####.....#
#......#.....8.....#.....#
###......#...........#.....#
.............§§§§§§........######
..........8..§§§C§§.8............
.............§§§@§§..............
########.#....§§§§§..#########..#
.........#....§8§§§..#.....<.....
)........####.....####...........
....<..### ###.#................
#####..# #.................#
#####..##########...............#
.......).........................
.................................


You could see a stone giant.

Vanquished Creatures
  Gastronok (D:8)
  Joseph (D:7)
  A komodo dragon (D:8)
  Prince Ribbit (D:8)
  A hippogriff (D:7)
  2 orc warriors
  2 sky beasts
  An ice beast (D:8)
  3 ogres
  A phantom (D:9)
  A centaur (D:8)
  3 big kobolds
  6 bullfrogs
  A scorpion (D:5)
  A water moccasin skeleton (D:5)
  10 wights
  5 howler monkeys
  A centaur zombie (D:8)
  A jelly (D:7)
  A bullfrog skeleton (D:4)
  3 orc priests
  2 hounds
  2 orc wizards (D:9)
  An iguana (D:9)
  A worker ant (D:6)
  A hound skeleton (D:4)
  16 adders
  5 gnolls
  10 river rats
  A shadow imp (D:6)
  A white imp (D:8)
  3 ufetubi
  5 oozes (Sewer)
  An adder skeleton (D:4)
  An adder zombie (D:9)
  3 worms
  2 dart slugs
  4 leopard geckos
  30 orcs
  9 bats
  A giant cockroach (D:6)
  6 goblins
  5 hobgoblins
  20 jackals
  5 quokkas (D:6)
  2 ball pythons
  3 frilled lizards
  11 kobolds
  34 rats
232 creatures vanquished.

Vanquished Creatures (others)
  5 plants (D:8)
5 creatures vanquished.

Grand Total: 237 creatures vanquished

Notes
Turn   | Place    | Note
-------+----------+-------------------------------------------
     0 | D:1      | Decritt the Minotaur Fighter began the quest for the Orb.
     0 | D:1      | Reached XP level 1. HP: 19/19 MP: 0/0
   202 | D:1      | Reached XP level 2. HP: 27/27 MP: 1/1
   966 | D:2      | Reached XP level 3. HP: 29/33 MP: 2/2
  1174 | D:2      | Found a shimmering altar of Xom.
  1184 | D:2      | Found a stormy altar of Qazlal.
  1625 | D:2      | Reached XP level 4. HP: 38/41 MP: 3/3
  2717 | D:3      | Reached XP level 5. HP: 47/47 MP: 4/4
  3117 | D:4      | Reached skill level 5 in Fighting
  3117 | D:4      | Reached skill level 5 in Armour
  3530 | D:4      | Found a radiant altar of Vehumet.
  3530 | D:4      | Noticed a frost-covered statue
  3544 | D:4      | Reached skill level 5 in Shields
  3564 | D:4      | Found a staircase to the Ecumenical Temple.
  3837 | Temple   | Entered the Ecumenical Temple
  4079 | Temple   | Became a worshipper of the Shining One
  4126 | D:5      | Entered Level 5 of the Dungeon
  4203 | D:5      | Reached XP level 6. HP: 54/56 MP: 5/5
  4233 | D:5      | Found a glowing drain.
  4237 | Sewer    | Entered a sewer
  4742 | Sewer    | Reached skill level 5 in Polearms
  5128 | D:5      | Reached XP level 7. HP: 62/62 MP: 6/6
  5543 | D:5      | Reached skill level 1 in Throwing
  5543 | D:5      | Reached skill level 1 in Invocations
  5841 | D:6      | Found a shadowy altar of Dithmenos.
  6379 | D:6      | Reached XP level 8. HP: 69/71 MP: 8/8
  6682 | D:7      | Noticed Joseph
  6694 | D:7      | Reached * piety under the Shining One
  6865 | D:7      | Killed Joseph
  7292 | D:7      | Noticed a hippogriff
  7299 | D:7      | Killed a hippogriff
  7299 | D:7      | Reached XP level 9. HP: 63/79 MP: 10/10
  7467 | D:7      | Found Ituzig's Antique Armour Shop.
  7470 | D:7      | Bought a glowing chain mail for 210 gold pieces
  7470 | D:7      | Bought a pair of glowing gloves for 210 gold pieces
  7542 | D:8      | Reached skill level 1 in Evocations
  7549 | D:8      | Noticed Gastronok
  7586 | D:8      | Killed Gastronok
  8097 | D:8      | Reached XP level 10. HP: 74/89 MP: 12/12
  8234 | D:8      | Identified the Papyrus of Feathers and Creation
  8287 | D:8      | Found a staircase to the Lair.
  8305 | D:8      | Reached skill level 1 in Long Blades
  8305 | D:8      | Reached skill level 5 in Invocations
  8367 | D:8      | Noticed Prince Ribbit
  8804 | D:8      | Killed Prince Ribbit
  9097 | D:9      | Reached ** piety under the Shining One
  9152 | D:9      | Found a staircase to the Orcish Mines.
  9253 | D:9      | Found Lameenus's Armour Shoppe.
  9445 | D:9      | Reached skill level 1 in Dodging
  9933 | Orc:1    | Entered Level 1 of the Orcish Mines
  9936 | Orc:1    | Found a roughly hewn altar of Beogh.
  9972 | Orc:1    | Found the +10 tower shield of Ignorance {rN+ Int-4}
 10029 | D:9      | Bought a +3 chain mail of magic resistance for 371 gold
                  | pieces
 10100 | Orc:1    | Found Tassen's Antique Armour Shop.
 10105 | Orc:1    | Noticed Harold
 10114 | Orc:1    | Noticed a stone giant
 10152 | D:9      | HP: 3/90 [stone giant (28)]
 10153 | D:9      | Mangled by a stone giant

Illustrated notes

Levels and vault maps discovered:
D:1:      minmay_arrival_four_loops, layout_basic
D:2:      layout_basic, minitemple, cheibrodos_gnoll_hut
D:3:      layout_loops_ring
D:4:      layout_rooms, vehumet_statue, minmay_temple_entry_statues_pillars,
          minmay_misc_feat_x, minmay_distorted
D:5:      layout_rooms, gup_sewer_entry_spiral
D:6:      lemuel_ratsnest, layout_basic, nicolae_dithmenos_shadow_blocks
D:7:      layout_cave_pools, serial_shops, kennysheep_mini_moat, uniq_joseph
D:8:      layout_gridville, david_lair_shrubbed, uniq_gastronok,
          uniq_prince_ribbit1
D:9:      layout_long_grid, david_orc_2, serial_shops, shop,
          minmay_misc_feat_tiny
Temple:   regret_index_temple_mists
Orc:1:    layout_caves, serial_shops, nicolae_shop_trees, basic_altar,
          chequers_guarded_unrand_ignorance, uniq_harold

Skill      XL: |  1  2  3  4  5  6  7  8  9 10 |
---------------+-------------------------------+-----
Fighting       | 4 5 6 7 8 |  8.9
Armour         | 4 5 6 7 8 |  8.9
Shields        | 4 5 6 7 8 |  8.7
Polearms       | 3 4 5 6 8 |  8.4
Throwing       | 2 3 |  3.3
Invocations    | 2 3 4 5 |  5.4
Evocations     | 3 |  3.4
Long Blades    | 1 |  1.3
Dodging        | 1 |  1.0

Action                   |  1- 3 |  4- 6 |  7- 9 | 10-12 || total
-------------------------+-------+-------+-------+-------++-------
Melee: Trident           |   126 |   278 |   266 |   125 ||   795
       Headbutt          |    10 |    35 |    58 |    43 ||   146
       Mace              |       |    17 |       |       ||    17
       Falchion          |       |       |       |    39 ||    39
Throw: Boomerang         |       |       |     4 |       ||     4
Invok: Divine Shield     |       |       |       |     1 ||     1
Evoke: Wand              |       |       |     2 |       ||     2
  Use: Scroll            |       |    11 |     6 |     4 ||    21
       Potion            |       |     1 |     1 |     2 ||     4
Armor: Scale mail        |    71 |    37 |       |       ||   108
       Chain mail        |       |    36 |    18 |    35 ||    89
       Plate armour      |       |       |    64 |       ||    64
Dodge: Dodged            |    36 |    54 |    34 |    21 ||   145
Block: Kite shield       |    71 |   180 |   187 |   105 ||   543
       Reflection        |       |     2 |    14 |     4 ||    20
       Rpst.: Falchion   |       |       |       |     1 ||     1

Table legend: (Time is in decaauts)
 A = Elapsed time spent in this place.
 B = Non-inter-level travel time spent in this place.
 C = Inter-level travel time spent in this place.
 D = Time resting spent in this place.
 E = Time spent auto-exploring this place.
 F = Levels seen in this place.
 G = Mean time per level.
                   A        B        C        D        E       F      G
               +--------+--------+--------+--------+--------+-----+--------+
         Total |  10510 |  10324 |    186 |   2004 |   4846 |  12 |  875.8 |
       Dungeon |   9146 |   8960 |    186 |   1755 |   4449 |   9 | 1016.2 |
        Temple |    355 |    355 |      0 |      0 |      1 |   1 |  355.0 |
  Orcish Mines |    107 |    107 |      0 |      0 |      6 |   1 |  107.0 |
         Sewer |    902 |    902 |      0 |    249 |    390 |   1 |  902.0 |
               +--------+--------+--------+--------+--------+-----+--------+

Top non-repeatable levels by time:
     D:2: 1275 daAuts
     D:8: 1125 daAuts
     D:7: 1107 daAuts
     D:6: 1093 daAuts
     D:4: 1052 daAuts
     D:9: 1004 daAuts
     D:1: 933 daAuts
   Sewer: 902 daAuts
     D:5: 901 daAuts
     D:3: 652 daAuts
  Temple: 355 daAuts
   Orc:1: 107 daAuts
